AoeStats
← Koti

Fortress

510539818Analyzed
1v1 RM · 9h ago on Oct 1, 2026· 26m 27s· 2 players
Game mode
Random Map
Map size
Small (3 player)
Population
200
Speed
Normal
Resources
Standard
Victory
Conquest
Starting age
Dark Age
Ending age
Imperial Age
RankedLock teamsTeams togetherTeam positionsShared explorationLock speedFull tech treeHidden civsTurbo modeCheats
Victory
Defeat
🇮🇳 Koreans · India
1806
+13
🇫🇷 Gurjaras · France
1738
-13
Koti
6:35 Feudal Age
10:24 Castle Age
8:48 Double-Bit Axe
9:10 Loom
10:20 Gold Mining
11:29 Bow Saw
14:49 Sanctity
16:34 Redemption
19:39 Fervor
19:31 Devotion
20:30 Husbandry
Synt4x
7:05 Feudal Age
11:29 Castle Age
9:35 Double-Bit Axe
10:01 Horse Collar
19:19 Fletching
22:08 Loom
Connection lost

Rejoining the realm…

Still unreachable

The connection could not be restored.

Session expired

The server has moved on; the page needs a fresh start.